 Dungeon Crawl Stone Soup version 0.25-a0-589-g1e14c549ee (webtiles) character file.

Game seed: 4979400112097107621, levelgen mode: deterministic

362 Kohma the Spear-Bearer (level 6, -1/47 HPs)
             Began as a Merfolk Gladiator on Mar 10, 2020.
             Slain by an orc warrior
             ... wielding a +2 short sword of speed
              (3 damage)
             ... on level 3 of the Dungeon.
             The game lasted 00:09:39 (4350 turns).

Kohma the Spear-Bearer (Merfolk Gladiator)          Turns: 4350, Time: 00:09:39

Health: -1/47      AC:  9    Str: 12 (14) XL:     6   Next: 66%
Magic:  6/6        EV: 13    Int:  7 (9)  God:
Gold:   194        SH:  0    Dex: 15 (16) Spells: 5/5 levels left

rFire    . . .     SeeInvis .   a - +1 trident
rCold    . . .     Gourm    .   (no shield)
rNeg     . . .     Faith    .   v - +0 ring mail
rPois    .         Spirit   .   c - +0 helmet
rElec    .         Reflect  .   p - +0 cloak
rCorr    .         Harm     .   m - +1 pair of gloves
MR       .....                  (no boots)
Stlth    +.........             (no amulet)
HPRegen  0.15/turn              (no ring)
MPRegen  0.10/turn              (no ring)

@: no status effects
A: change form in water, swift swim, stealthy swim
a: no special abilities


You were on level 3 of the Dungeon.
You were not hungry.

You visited 1 branch of the dungeon, and saw 4 of its levels.

You collected 194 gold pieces.

Inventory:

Hand Weapons
 a - a +1 trident (weapon)
 u - a +2 dagger of venom
Missiles
 l - 9 poisoned darts (quivered)
Armour
 b - a +0 leather armour
 c - a +0 helmet (worn)
 m - a +1 pair of gloves (worn)
 p - a +0 cloak (worn)
 v - a +0 ring mail (worn)
Jewellery
 e - an uncursed amulet of rage {unknown}
Wands
 g - a wand of iceblast (6)
Scrolls
 j - 2 scrolls of remove curse
 k - a scroll of amnesia
 y - a scroll of enchant weapon
Potions
 h - 2 potions of degeneration
 i - a potion of ambrosia {unknown}
 n - a potion of curing
 o - a potion of cancellation {unknown}
 q - a potion of berserk rage {unknown}
 r - 3 potions of mutation {unknown}
 s - a potion of resistance {unknown}
 w - 3 potions of lignification {unknown}
 x - a potion of haste {unknown}
 z - a potion of brilliance {unknown}
Comestibles
 f - 8 rations


   Skills:
 + Level 3.6 Fighting
 * Level 8.9 Polearms
 - Level 2.0 Throwing
 + Level 0.2 Armour
 - Level 5.2 Dodging


You had 5 spell levels left.
You didn't know any spells.
Your spell library was empty.

Dungeon Overview and Level Annotations

Branches:
Dungeon (4/15)
 Temple: D:4-7

Altars:
Fedhas
Hepliaklqana
Okawaru
Trog
Wu Jian


Message History

Press: ? - help, Shift-Dir - straight line, f/p - orc warrior
Aim: an orc warrior, wielding a +2 short sword of speed and wearing a +0 plate armour (moderately wounded, extremely poisoned)
You throw a poisoned dart. The poisoned dart hits the orc warrior.
The orc warrior looks as sick as possible!
The orc warrior is moderately wounded.
The orc warrior hits you but does no damage.
You hit the orc warrior.
The orc warrior is moderately wounded.
The orc warrior closely misses you.
You closely miss the orc warrior.
The orc warrior is heavily wounded.
The orc warrior hits you with a +2 short sword of speed!
You hit the orc warrior.
The orc warrior is heavily wounded.
The orc warrior hits you with a +2 short sword of speed!
* * * LOW HITPOINT WARNING * * *
You hit the orc warrior but do no damage.
The orc warrior is heavily wounded.
The orc warrior hits you with a +2 short sword of speed.
You die...

#.##.# ##.##.#.# #.###
#.##.######.#.#.#.####...#
#.[........###..#........#
####.##.....#...(........#
#.##.#..#.#.#.#####.>##
#....#....#.#.#####..#
#..#####...).....##..#
##....#.....<.o...##..#
#..##.#..#<...@.......###
#.###...................#
#.# ##.####.....#####.#.#
#.# #.# ##...#.......#.#
#.####.###...#.######.#.#
#...#................)#.#
####.....###....#########.#
..#..#...####.#.# #.#
....###.......#.# #.#


You could see an orc warrior.

Vanquished Creatures
  A scorpion (D:4)
  A howler monkey (D:4)
  2 hounds (D:4)
  An orc priest (D:4)
  An iguana (D:4)
  An orc wizard (D:4)
  5 adders
  An ooze (D:2)
  An adder skeleton (D:2)
  A worm (D:2)
  5 leopard geckos (D:1)
  9 orcs
  7 giant cockroaches
  11 goblins
  6 hobgoblins
  2 jackals (D:4)
  3 kobolds
  A quokka (D:3)
  A ball python (D:2)
  6 bats
  A frilled lizard (D:1)
  A leopard gecko skeleton (D:4)
  4 rats (D:1)
72 creatures vanquished.

Notes
Turn   | Place    | Note
-------+----------+-------------------------------------------
     0 | D:1      | Kohma the Merfolk Gladiator began the quest for the Orb.
     0 | D:1      | Reached XP level 1. HP: 16/16 MP: 1/1
    56 | D:1      | Reached skill level 5 in Polearms
    56 | D:1      | Reached XP level 2. HP: 19/22 MP: 2/2
   346 | D:1      | Reached XP level 3. HP: 27/27 MP: 3/3
   770 | D:2      | Reached skill level 6 in Polearms
  1229 | D:2      | Reached XP level 4. HP: 33/33 MP: 4/4
  1349 | D:2      | Found a hazy altar of Hepliaklqana.
  1940 | D:3      | Reached skill level 5 in Dodging
  2114 | D:3      | Found an ornate altar of the Wu Jian Council.
  2114 | D:3      | Found an iron altar of Okawaru.
  2449 | D:3      | Found a bloodstained altar of Trog.
  2641 | D:4      | Reached skill level 7 in Polearms
  2641 | D:4      | Reached XP level 5. HP: 34/38 MP: 5/5
  3082 | D:4      | Reached skill level 8 in Polearms
  3082 | D:4      | Reached XP level 6. HP: 19/47 MP: 6/6
  3621 | D:4      | Found a blossoming altar of Fedhas.
  3665 | D:4      | Noticed an orc warrior
  3992 | D:3      | HP: 1/47 [orc warrior/+2 short sword of speed (13)]
  4349 | D:3      | HP: 1/47 [orc warrior/+2 short sword of speed (15)]
  4350 | D:3      | Slain by an orc warrior

Levels and vault maps discovered:
D:1:      minmay_arrival_cross, layout_basic, serial_park_tiny_1, st_stairs_1
D:2:      layout_loops_ring, lemuel_crystal_altar, minmay_misc_feat_plants
D:3:      layout_loops_ring, lightli_temple_of_fire,
          chequers_temple_overflow_statue_of_worship
D:4:      layout_gridville, kennysheep_little_box, first_ration, corner_web_ring

Skill      XL: |  1  2  3  4  5 |
---------------+----------------+-----
Polearms       | 5 6 7 8 |  8.9
Dodging        | 5 |  5.2
Fighting       | 3 |  3.6
Throwing       | |  2.0
Armour         | |  0.2

Action                   |  1- 3 |  4- 6 || total
-------------------------+-------+-------++-------
Melee: Trident           |   107 |   231 ||   338
Throw: Dart              |       |     7 ||     7
       Throwing net      |       |     3 ||     3
  Use: Scroll            |       |     7 ||     7
       Potion            |       |     5 ||     5
 Stab: Sleeping          |       |     3 ||     3
  Eat: Chunk             |     1 |     7 ||     8
       Ration            |       |     1 ||     1
Armor: Leather armour    |    19 |    75 ||    94
       Ring mail         |       |    10 ||    10
Dodge: Dodged            |    45 |   183 ||   228

Table legend:
 A = Non-vault XP
 B = Vault XP
 C = Vault XP percentage of total XP
 D = Non-vault monster count
 E = Vault monster count
 F = Vault count percentage of total count
                 A         B        C        D         E       F
            +---------+---------+-------+---------+---------+-------
      Total |     513 |       5 |   1.0 |      69 |       3 |   4.2
            +---------+---------+-------+---------+---------+-------
        D:1 |      36 |       5 |  12.2 |      18 |       3 |  14.3
        D:2 |      58 |       0 |   0.0 |      21 |       0 |   0.0
        D:3 |      53 |       0 |   0.0 |      10 |       0 |   0.0
        D:4 |     366 |       0 |   0.0 |      20 |       0 |   0.0
            +---------+---------+-------+---------+---------+-------
